 Dungeon Crawl Stone Soup version 0.20-a0-899-g09a9bfb (webtiles) character file.

408 4thArraOfDagon the Bolt Thrower (level 6, -5/48 HPs)
             Began as a Demigod Wanderer on Mar 18, 2017.
             Slain by an ice beast (9 damage)
             ... on level 4 of the Dungeon.
             The game lasted 00:05:53 (1356 turns).

4thArraOfDagon the Bolt Thrower (Demigod Wanderer)  Turns: 1356, Time: 00:05:53

Health: -5/48      AC:  9    Str: 17    XL:     6   Next: 31%
Magic:  8/8        EV:  7    Int: 18    God:
Gold:   46         SH:  0    Dex: 15    Spells: 5/5 levels left

rFire    . . .     SeeInvis .   a - +3 hand crossbow
rCold    . . .     Gourm    .   n - +0 chain mail
rNeg     . . .     Faith    .   (no shield)
rPois    .         Spirit   .   h - +0 helmet
rElec    .         Reflect  .   (no cloak)
rCorr    .         Harm     .   (no gloves)
MR       .....                  (no boots)
Stlth    ..........             (no amulet)
Regen    0.2/turn               (no ring)
MPRegen  0.2/turn               (no ring)

@: no status effects
A: high mp 1
a: no special abilities


You were on level 4 of the Dungeon.
You were not hungry.

You visited 1 branch of the dungeon, and saw 6 of its levels.

You collected 46 gold pieces.

Inventory:

Hand Weapons
 a - a +3 hand crossbow (weapon)
 c - a +0 spear
 f - a +0 dagger
 j - a +0 great sword
Missiles
 b - 14 bolts (quivered)
Armour
 e - a +0 robe
 h - a +0 helmet (worn)
 n - a +0 chain mail (worn)
Scrolls
 i - a scroll of random uselessness
 l - a scroll of immolation {unknown}
Potions
 d - a potion of magic
Comestibles
 g - a bread ration
 k - a meat ration
 m - a royal jelly


   Skills:
 - Level 1.7 Fighting
 * Level 6.3 Crossbows
 - Level 1.0 Armour
 - Level 1.7 Dodging
 - Level 1.7 Stealth
   Level 1.7 Shields


You had 5 spell levels left.
You didn't know any spells.

Dungeon Overview and Level Annotations

Branches:
Dungeon (6/15)             Temple (0/1) D:5

Annotations:
D:2 Terence


Innate Abilities, Weirdness & Mutations

You have an increased reservoir of magic. (+10% MP)


Message History

Press: ? - help, Shift-Dir - straight line, f/p - ice beast
Aim: an ice beast (heavily wounded)
You shoot a bolt. The bolt barely misses the ice beast.
The ice beast hits you but does no damage.
Firing (i - inventory):
b - 16 bolts (quivered)
Press: ? - help, Shift-Dir - straight line, f/p - ice beast
Aim: an ice beast (heavily wounded)
You shoot a bolt. The bolt hits the ice beast.
The ice beast is severely wounded.
The ice beast hits you. The ice beast freezes you!
* * * LOW HITPOINT WARNING * * *
Firing (i - inventory):
b - 15 bolts (quivered)
Press: ? - help, Shift-Dir - straight line, f/p - ice beast
Aim: an ice beast (severely wounded)
You shoot a bolt. The bolt hits the ice beast.
The ice beast is almost dead.
The ice beast hits you.
* * * LOW HITPOINT WARNING * * *
The ice beast freezes you!
You die...

#.....#
+.....#
#.....#
#.....#
#.....#####
#.....#...#
#.....#...##
#....>#@...#
#!....Y....#
+.....#....#
#.....#....#
#.....#..$.#
#.....##..##
...##### +##
.(. ..


You could see an ice beast.

Vanquished Creatures
  An ice beast (D:6)
  A black bear (D:6)
  A centaur (D:5)
  A bullfrog (D:6)
  A crimson imp (D:5)
  A hound skeleton (D:4)
  2 adders
  An adder zombie (D:6)
  A goblin (D:1)
  A hobgoblin (D:1)
  3 kobolds (D:1)
  3 quokkas
  4 bats (D:1)
  A frilled lizard (D:2)
  4 rats (D:1)
26 creatures vanquished.

Notes
Turn   | Place    | Note
-------+----------+-------------------------------------------
     0 | D:1      | 4thArraOfDagon the Demigod Wanderer began the quest for the Orb.
     0 | D:1      | 4thArraOfDagon set off with: a +2 hand crossbow, 29 bolts, a +0 spear, a potion of lignification, a +0 robe, a +0 dagger, a bread ration
     0 | D:1      | Reached XP level 1. HP: 17/17 MP: 3/3
   106 | D:1      | Reached skill level 2 in Crossbows
   106 | D:1      | Reached XP level 2. HP: 6/24 MP: 4/4
   510 | D:2      | Noticed Terence
   644 | D:3      | You fall through a shaft for 2 floors!
   644 | D:5      | Entered Level 5 of the Dungeon
   674 | D:5      | Noticed an ice beast
   779 | D:5      | Found a staircase to the Ecumenical Temple.
   856 | D:5      | Noticed a centaur
   862 | D:5      | Killed a centaur
   862 | D:5      | Reached skill level 4 in Crossbows
   862 | D:5      | Reached XP level 3. HP: 25/29 MP: 5/5
   862 | D:5      | Reached XP level 4. HP: 32/36 MP: 6/6
   980 | D:5      | Noticed an ogre
  1015 | D:6      | Noticed a bullfrog
  1024 | D:6      | Killed a bullfrog
  1024 | D:6      | Reached skill level 5 in Crossbows
  1024 | D:6      | Reached XP level 5. HP: 35/41 MP: 7/7
  1076 | D:6      | Noticed an enchanted dagger
  1076 | D:6      | Noticed a dagger
  1077 | D:6      | Found a hide-covered altar of Uskayaw.
  1097 | D:6      | Noticed a black bear
  1097 | D:6      | Noticed an ice beast
  1109 | D:6      | Killed a black bear
  1117 | D:6      | Killed an ice beast
  1117 | D:6      | Reached skill level 6 in Crossbows
  1117 | D:6      | Reached XP level 6. HP: 28/48 MP: 8/8
  1356 | D:4      | Slain by an ice beast

Vault maps used:
D:1:      lightli_arrival_statue_moat
D:2:      old_standard_altar, uniq_robin, uniq_crazy_yiuf_cottage, uniq_terence
D:3:      first_bread
D:4:      uniq_duvessa
D:5:      minmay_temple_entry_statues_fountains, portal_sewer_entry_e
D:6:      dancing_weapons_uskayaw, chequers_temple_overflow_statue_of_worship

Skill      XL: |  1  2  3  4  5 |
---------------+----------------+-----
Crossbows      | 2 4 5 6 |  6.3
Fighting       | |  1.7
Armour         | |  1.0
Dodging        | |  1.7
Stealth        | |  1.7
Shields        | |  1.7

Action                   |  1- 3 |  4- 6 || total
-------------------------+-------+-------++-------
Melee: Spear             |    14 |       ||    14
       Great sword       |       |     1 ||     1
 Fire: Hand crossbow     |    48 |    45 ||    93
  Use: Potion            |     3 |       ||     3
       Scroll            |     4 |     1 ||     5
 Stab: Sleeping          |     1 |       ||     1
  Eat: Chunk             |       |     1 ||     1
Armor: Robe              |     8 |       ||     8
       Skin              |    17 |       ||    17
       Chain mail        |     4 |    27 ||    31
Dodge: Dodged            |    19 |    15 ||    34
       Rpst.: Great sword |       |     1 ||     1
